 Dungeon Crawl Stone Soup version 0.23.0-3-gf3c87f2df8 (webtiles) character file.

Game seed: 17713188005327130287

111 BugRemover the Skirmisher (level 4, 0/41 HPs)
             Began as a Hill Orc Fighter on Feb 21, 2019.
             Slain by a rat (2 damage)
             ... on level 3 of the Dungeon.
             The game lasted 00:13:30 (2113 turns).

BugRemover the Skirmisher (Hill Orc Fighter)        Turns: 2113, Time: 00:13:31

Health: 0/41       AC:  9    Str: 19    XL:     4   Next: 92%
Magic:  4/4        EV:  7    Int:  8    God:
Gold:   125        SH:  9    Dex: 10    Spells: 3/3 levels left

rFire    . . .     SeeInvis .   g - +0 flail (holy)
rCold    . . .     Gourm    .   c - +0 shield
rNeg     . . .     Faith    .   b - +1 scale mail
rPois    .         Spirit   .   (no helmet)
rElec    .         Reflect  .   o - +0 cloak
rCorr    .         Harm     .   (no gloves)
MR       .....                  (no boots)
Stlth    ..........             m - amulet of inaccuracy (curse)
HPRegen  0.13/turn              (no ring)
MPRegen  0.09/turn              (no ring)

@: no status effects
A: no striking features
a: no special abilities


You were on level 3 of the Dungeon.
You were not hungry.

You visited 1 branch of the dungeon, and saw 3 of its levels.

You collected 125 gold pieces.

Inventory:

Hand Weapons
 a - a +0 long sword
 g - a +0 flail of holy wrath (weapon)
Missiles
 l - 32 arrows
Armour
 b - a +1 scale mail (worn)
 c - a +0 shield (worn)
 o - a +0 cloak (worn)
Jewellery
 i - an uncursed ring of fire {unknown}
 m - a cursed amulet of inaccuracy (around neck)
Scrolls
 e - a scroll of random uselessness {unknown}
 f - a scroll of amnesia
 h - a scroll of identify
Potions
 d - a potion of might
 j - a potion of haste {unknown}
 k - a potion of flight {unknown}
 n - a potion of curing


   Skills:
 * Level 4.5 Fighting
 - Level 2.8 Long Blades
 + Level 0.3 Maces & Flails
 * Level 4.2 Armour
 + Level 0.1 Stealth
 + Level 4.2 Shields


You had 3 spell levels left.
You didn't know any spells.
Your spell library was empty.

Dungeon Overview and Level Annotations

Branches:
Dungeon (3/15)

Altars:
Gozag
Ru


Message History

The rat bites you but does no damage. The frilled lizard closely misses you.
You sock the sky beast!
The sky beast is moderately wounded.
You block the sky beast's attack. The rat bites you but does no damage.
The frilled lizard bites you but does no damage.
The sky beast barely misses you.
You miss the sky beast.
The sky beast is moderately wounded.
The rat closely misses you.
The frilled lizard bites you but does no damage.
You block the sky beast's attack. You block the rat's attack.
You miss the sky beast.
The sky beast is moderately wounded.
The frilled lizard bites you but does no damage.
The sky beast hits you.
* * * LOW HITPOINT WARNING * * *
The sky beast shocks you.
* * * LOW HITPOINT WARNING * * *
The rat bites you.
You die...

### .## ..# ... ..# # ##
.. #. ..# #.. .> ...
..#######.########. ....
.................. .....
..#.##.........#Y#......
..# ..... #.#.#@l......
..####.#####.....r...(..
.................#......
..####.########..#..#...
### #... ...# .# ..
##### #...# .. . .....
.. ###.### ### #..


You could see a sky beast, a frilled lizard and a rat.

Vanquished Creatures
  An orc wizard (D:2)
  2 adders (D:2)
  An ooze (D:1)
  2 worms (D:2)
  2 dart slugs (D:1)
  2 leopard geckos
  2 orcs
  2 bats
  3 giant cockroaches
  4 goblins
  5 hobgoblins
  8 jackals
  2 quokkas (D:2)
  2 frilled lizards (D:1)
  4 kobolds
  7 rats
49 creatures vanquished.

Notes
Turn   | Place    | Note
-------+----------+-------------------------------------------
     0 | D:1      | BugRemover the Hill Orc Fighter began the quest for the
                  | Orb.
     0 | D:1      | Reached XP level 1. HP: 19/19 MP: 1/1
   226 | D:1      | Reached XP level 2. HP: 27/27 MP: 2/2
   423 | D:1      | Reached XP level 3. HP: 32/33 MP: 3/3
   891 | D:2      | Found an opulent altar of Gozag.
  1161 | D:2      | Found a sacrificial altar of Ru.
  1189 | D:2      | Reached XP level 4. HP: 41/41 MP: 4/4
  2101 | D:3      | Noticed a sky beast
  2113 | D:3      | HP: 2/41 [sky beast (5)]
  2113 | D:3      | Slain by a rat

Skill      XL: |  1  2  3 |
---------------+----------+-----
Fighting       | 4 |  4.5
Shields        | 4 |  4.2
Armour         | 4 |  4.2
Long Blades    | |  2.8
Maces & Flails | |  0.3
Stealth        | |  0.1

Action                   |  1- 3 |  4- 6 || total
-------------------------+-------+-------++-------
Melee: Long sword        |   145 |    17 ||   162
       Flail             |       |    75 ||    75
  Use: Scroll            |     5 |     1 ||     6
 Stab: Paralysed         |       |     2 ||     2
  Eat: Chunk             |     1 |     1 ||     2
       Ration            |       |     1 ||     1
Armor: Scale mail        |    65 |    56 ||   121
Dodge: Dodged            |    43 |    37 ||    80
Block: Shield            |    64 |    54 ||   118
       Rpst.: Long sword |    14 |     4 ||    18
